 Dungeon Crawl Stone Soup version 0.22-a0-447-gee5f723 (webtiles) character file.

16 KristoblXynda the Cudgeler (level 2, -8/26 HPs)
             Began as a Naga Gladiator on June 3, 2018.
             Mangled by a gnoll
             ... wielding a +0 flail
              (12 damage)
             ... on level 1 of the Dungeon.
             The game lasted 00:01:26 (313 turns).

KristoblXynda the Cudgeler (Naga Gladiator)          Turns: 313, Time: 00:01:27

Health: -8/26      AC:  3    Str: 16    XL:     2   Next: 54%
Magic:  2/2        EV: 10    Int:  8    God:
Gold:   30         SH:  0    Dex: 12    Spells: 1/1 levels left

rFire    . . .     SeeInvis +   a - +0 flail
rCold    . . .     Gourm    .   (no shield)
rNeg     . . .     Faith    .   b - +0 leather armour
rPois    +         Spirit   .   c - +0 helmet
rElec    .         Reflect  .   (no cloak)
rCorr    .         Harm     .   (no gloves)
MR       .....                  (no barding)
Stlth    +.........             (no amulet)
HPRegen  0.08/turn              (no ring)
MPRegen  0.08/turn              (no ring)

@: very slow
A: large, see invisible, deformed body, poison resistance, slowness 2, slow
metabolism 1, spit poison 1, AC +0
a: Spit Poison


You were on level 1 of the Dungeon.
You were not hungry.

You visited 1 branch of the dungeon, and saw 1 of its levels.

You collected 30 gold pieces.

Inventory:

Hand Weapons
 a - a +0 flail (weapon)
Missiles
 d - 3 throwing nets (quivered)
Armour
 b - a +0 leather armour (worn)
 c - a +0 helmet (worn)
Scrolls
 e - a scroll of fog {unknown}
 h - a scroll of remove curse {unknown}
Potions
 i - a potion of lignification {unknown}
Comestibles
 f - 2 rations
 g - 2 chunks of flesh


   Skills:
 - Level 2.0 Fighting
 + Level 3.3 Maces & Flails
 - Level 2.0 Throwing
 + Level 2.6 Dodging
 + Level 0.8 Stealth


You had one spell level left.
You didn't know any spells.
Your spell library was empty.

Dungeon Overview and Level Annotations

Branches:
Dungeon (1/15)

Altars:


Innate Abilities, Weirdness & Mutations

You cannot wear boots.
Your serpentine skin is tough. (AC +0)
You have supernaturally acute eyesight. (SInv)
Armour fits poorly on your strangely shaped body.
Your system is resistant to poisons. (rPois)
You cover ground very slowly.
You have a slow metabolism.
You can spit poison.


Message History

You sock the rat!
You kill the rat!
Press: ? - help, Shift-Dir - straight line, f - gnoll
Aim: a gnoll, wielding a flail The splash of poison hits the gnoll.
The gnoll is poisoned.
The gnoll is moderately wounded.
You feel slightly more hungry. The gnoll hits you with a flail.
You barely miss the gnoll.
The gnoll is moderately wounded.
The gnoll closely misses you.
You closely miss the gnoll.
The gnoll is moderately wounded.
The gnoll closely misses you.
You hit the gnoll.
The gnoll is severely wounded.
The gnoll hits you with a flail!
* * * LOW HITPOINT WARNING * * *
You have got your breath back.
The gnoll hits you with a flail!
You die...

#....# ##.....##
#####....# #.......#
.......w.# #.......#
##.$.....# #.......#
.[>.#....# ##.....##
#.....#####.....##
#####...##.......#
###.wg.......#
####@......#
#..[...#### #.#.......#
#..## . ...###(###..#
..... ....####.####..#
#...###.##........(....
# #...#..
######.####### # #....
#.## # #...# #..#


You could see a gnoll and a dart slug.

Vanquished Creatures
  A dart slug (D:1)
  2 bats (D:1)
  A giant cockroach (D:1)
  A goblin (D:1)
  3 hobgoblins (D:1)
  A kobold (D:1)
  3 rats (D:1)
12 creatures vanquished.

Notes
Turn   | Place    | Note
-------+----------+-------------------------------------------
     0 | D:1      | KristoblXynda the Naga Gladiator began the quest for the Orb.
     0 | D:1      | Reached XP level 1. HP: 19/19 MP: 1/1
   190 | D:1      | Reached XP level 2. HP: 22/26 MP: 2/2
   313 | D:1      | Mangled by a gnoll

Vault maps used:
D:1:      minmay_arrival_solitary_statue, serial_park_tiny_pond, minivault_5

Skill      XL: |  1 |
---------------+----+-----
Throwing       | 2 |  2.0
Fighting       | |  2.0
Maces & Flails | |  3.3
Dodging        | |  2.6
Stealth        | |  0.8

Action                   || total
-------------------------++-------
Melee: Flail             ||    38
 Abil: Spit Poison       ||     5
Armor: Leather armour    ||    23
Dodge: Dodged            ||    26

Table legend:
 A = Spawn XP
 B = Non-spawn XP
 C = Spawn XP percentage of total XP
 D = Spawn monster count
 E = Non-spawn monster count
 F = Spawn count percentage of total count
 G = Total turns spent on level
                    A         B        C        D         E        F      G
               +---------+---------+-------+---------+---------+-------+---------
         Total |       0 |      23 |   0.0 |       0 |      12 |   0.0 |   313
               +---------+---------+-------+---------+---------+-------+---------
           D:1 |       0 |      23 |   0.0 |       0 |      12 |   0.0 |   313
               +---------+---------+-------+---------+---------+-------+---------
